 Dungeon Crawl Stone Soup version 0.21.1-1-g345015fe64 (webtiles) character file.

5417 IceCat the Basher (level 10, -3/61 HPs)
             Began as a Gargoyle Berserker on July 27, 2018.
             Was a High Priest of Trog.
             Slain by a large slime creature (33 damage)
             ... on level 8 of the Dungeon.
             The game lasted 00:42:04 (8172 turns).

IceCat the Basher (Gargoyle Berserker)              Turns: 8172, Time: 00:42:04

Health: -3/61      AC: 17    Str: 27    XL:     10   Next: 67%
Magic:  21/21      EV: 12    Int:  8    God:    Trog [*****.]
Gold:   389        SH:  0    Dex:  9    Spells: 9/9 levels left

rFire    + . .     SeeInvis .   B - +1 flail (holy)
rCold    . . .     Gourm    .   (no shield)
rNeg     + . .     Faith    .   x - +1 ring mail "Rodowuru" {*Slow rF+ Str+3}
rPois    ∞         Spirit   .   A - +2 helmet
rElec    +         Reflect  .   (no cloak)
rCorr    .         Harm     .   (no gloves)
MR       .....                  (no boots)
Stlth    ..........             (no amulet)
HPRegen  0.20/turn              p - ring of magical power
MPRegen  0.17/turn              z - ring of flight

@: about to teleport
A: negative energy resistance 1, electricity resistance, unbreathing,
petrification resistance, rot immunity, AC +7
a: Berserk, Trog's Hand, Brothers in Arms, Burn Spellbooks, Renounce Religion,
Evoke Flight


You were on level 8 of the Dungeon.
You worshipped Trog.
Trog was extremely pleased with you.
You were not hungry.

You visited 1 branch of the dungeon, and saw 9 of its levels.

You collected 389 gold pieces.

Inventory:

Hand Weapons
 a - a +0 mace
 B - a +1 flail of holy wrath (weapon)
Armour
 b - a +0 animal skin
 l - a +0 chain mail
 s - a +3 leather armour of positive energy
 x - the +1 ring mail "Rodowuru" (worn) {*Slow rF+ Str+3}
   (You found it on level 5 of the Dungeon)

   It affects your strength (+3).
   It protects you from fire.
   It may slow you when you take damage.
 y - a +1 plate armour
 A - a +2 helmet (worn)
Jewellery
 p - a ring of magical power (left hand)
 z - a ring of flight (right hand)
 H - an uncursed ring of ice
Wands
 d - a wand of disintegration (12)
 k - a wand of scattershot (1)
 I - a wand of iceblast (10)
Scrolls
 e - 2 scrolls of enchant armour
 f - 3 scrolls of remove curse
 g - a scroll of fear
 j - 6 scrolls of identify
 n - a scroll of enchant weapon {unknown}
 q - a scroll of immolation {unknown}
 w - a scroll of blinking {unknown}
Potions
 h - 5 potions of curing
 i - a potion of brilliance
 m - a potion of agility {unknown}
 o - a potion of degeneration
 r - a potion of mutation {unknown}
 t - 2 potions of heal wounds
 u - a potion of might
 v - a potion of magic {unknown}
 C - a potion of invisibility {unknown}
 E - a potion of lignification {unknown}
 J - a potion of haste {unknown}
 K - a potion of berserk rage {unknown}
Comestibles
 c - 17 rations


   Skills:
 + Level 6.8 Fighting
 * Level 12.1 Maces & Flails
 + Level 6.2 Armour
 + Level 4.0 Dodging
 - Level 0.3 Stealth
 * Level 3.8 Evocations


You had 9 spell levels left.
You didn't know any spells.

Dungeon Overview and Level Annotations

Branches:
Dungeon (9/15)             Temple (0/1) D:6            Lair (0/6) D:8
    Orc (0/2) D:9

Altars:
Cheibriados
Dithmenos
Fedhas
Gozag
Makhleb
Nemelex Xobeh
Qazlal
Uskayaw
Xom
Zin

Shops:
D:8 *


Innate Abilities, Weirdness & Mutations

You are resistant to torment.
Your stone body is resilient. (AC +7)
You are immune to poison.
You resist negative energy. (rN+)
You are resistant to electric shocks. (rElec)
You can survive without breathing.
You are immune to petrification.
You are immune to rotting.


Message History

You barely miss the slime creature.
The slime creature is lightly wounded.
You sock the slime creature!
The slime creature is moderately wounded.
The slime creature closely misses you.
The large slime creature closely misses you.
You hit the slime creature.
The slime creature is moderately wounded.
The slime creature hits you but does no damage.
The large slime creature hits you!!
Ouch! That really hurt!
You can't go up here!
As you read the scroll of teleportation, it crumbles to dust.
You feel strangely unstable. The slime creature barely misses you.
The large slime creature barely misses you.
You hit the slime creature.
The slime creature is moderately wounded.
The slime creature barely misses you. The large slime creature hits you!!
Ouch! That really hurt!
You die...

....§≈≈≈≈≈≈.#.......#
###?§§§..≈....#######
#.≈≈§>.§§...#
#.≈§.≈≈§§§..#
#.≈.≈≈§≈§.#.#
#..≈≈≈§...#.#
#....§§...#.#
#########.[.######
###..J@J.# ######.#
### #.# ..# #.# ≈.#
#.# ≈.# #.# ≈.# #.#
≈≈# #.# .≈# #.#


You could see a large slime creature and a slime creature.

Vanquished Creatures
  The ghost of Whitewater the Basher, a novice MiBe of Trog (D:7)
  Psyche (D:8)
  Grinder (D:3)
  A hippogriff (D:8)
  2 slime creatures (D:8)
  A wyvern (D:9)
  A spriggan (D:7)
  Eustachio (D:4)
  2 hell hounds (D:8)
  2 orc warriors
  An ice beast (D:9)
  6 ogres
  4 centaurs
  2 big kobolds
  A gnoll sergeant (D:7)
  3 bullfrogs
  2 wyvern skeletons (D:6)
  A scorpion (D:5)
  8 killer bees (D:9)
  4 crimson imps
  A centaur zombie (D:8)
  2 jellies (D:6)
  A hound (D:6)
  An orc priest (D:6)
  2 centaur skeletons (D:6)
  6 orc wizards
  2 bullfrog skeletons (D:6)
  Jessica (D:3)
  An iguana (D:8)
  5 worker ants
  A hound skeleton (D:4)
  A howler monkey zombie (D:6)
  13 adders
  12 gnolls
  A howler monkey skeleton (D:9)
  A shadow imp (D:7)
  An ooze (D:2)
  2 adder skeletons
  3 worms
  A dart slug (D:1)
  8 leopard geckos
  22 orcs
  A ball python (D:3)
  9 bats
  3 giant cockroaches
  9 goblins
  12 hobgoblins
  7 jackals
  4 quokkas
  A ball python skeleton (D:5)
  4 frilled lizards
  A jackal skeleton (D:5)
  12 kobolds
  A leopard gecko zombie (D:7)
  A quokka zombie (D:9)
  6 rats
204 creatures vanquished.

Notes
Turn   | Place    | Note
-------+----------+-------------------------------------------
     0 | D:1      | IceCat the Gargoyle Berserker began the quest for the Orb.
     0 | D:1      | Reached XP level 1. HP: 14/14 MP: 1/1
   217 | D:1      | Reached XP level 2. HP: 17/19 MP: 2/2
   666 | D:1      | Reached XP level 3. HP: 23/23 MP: 3/3
   996 | D:2      | Found a burning altar of Makhleb.
  1005 | D:2      | Reached ** piety under Trog
  1483 | D:2      | Reached XP level 4. HP: 28/29 MP: 4/4
  1501 | D:2      | Reached skill level 4 in Maces & Flails
  1837 | D:3      | Noticed Grinder
  1864 | D:3      | Killed Grinder
  1864 | D:3      | Reached skill level 5 in Maces & Flails
  1864 | D:3      | Reached XP level 5. HP: 33/33 MP: 5/5
  1864 | D:3      | Reached XP level 6. HP: 38/38 MP: 6/6
  1947 | D:3      | Found an opulent altar of Gozag.
  1989 | D:3      | Noticed Jessica
  2001 | D:3      | Killed Jessica
  2035 | D:3      | Found a shadowy altar of Dithmenos.
  2037 | D:3      | Found a glowing silver altar of Zin.
  2208 | D:3      | Reached *** piety under Trog
  2397 | D:3      | Reached skill level 6 in Maces & Flails
  2731 | D:4      | Found a hide-covered altar of Uskayaw.
  2774 | D:3      | Reached XP level 7. HP: 35/44 MP: 7/7
  2907 | D:4      | Noticed Eustachio
  2923 | D:4      | Killed Eustachio
  3036 | D:4      | Found a shadowy altar of Dithmenos.
  3037 | D:4      | HP: 1/44 [ogre/giant club (17)]
  3111 | D:4      | Reached skill level 7 in Maces & Flails
  3244 | D:4      | Found a stormy altar of Qazlal.
  3668 | D:4      | Found a shimmering altar of Xom.
  3714 | D:5      | Entered Level 5 of the Dungeon
  3918 | D:5      | Reached XP level 8. HP: 41/48 MP: 8/8
  4069 | D:5      | Reached skill level 8 in Maces & Flails
  4085 | D:5      | Found a blossoming altar of Fedhas.
  4162 | D:5      | Got a polished ring mail
  4173 | D:5      | Identified the cursed +1 ring mail "Rodowuru" {*Slow rF+ Str+3} (You found it on level 5 of the Dungeon)
  4258 | D:5      | Reached skill level 5 in Fighting
  4521 | D:6      | Found a staircase to the Ecumenical Temple.
  4769 | D:6      | Reached skill level 9 in Maces & Flails
  5255 | D:6      | Reached XP level 9. HP: 42/54 MP: 9/9
  5491 | D:7      | Reached **** piety under Trog
  5575 | D:7      | Noticed Whitewater's ghost (novice MiBe)
  5590 | D:7      | Killed Whitewater's ghost
  5590 | D:7      | Reached skill level 10 in Maces & Flails
  5590 | D:7      | Reached skill level 5 in Armour
  5590 | D:7      | Reached skill level 1 in Evocations
  5917 | D:7      | Found a sparkling altar of Nemelex Xobeh.
  6205 | D:8      | Found Gozag's Platinum Reserve.
  6207 | D:8      | Found an opulent altar of Gozag.
  6286 | D:8      | HP: 2/55 [orc warrior/long sword (11)]
  6958 | D:8      | Reached skill level 11 in Maces & Flails
  6958 | D:8      | Reached XP level 10. HP: 34/60 MP: 12/12
  7046 | D:8      | Found a staircase to the Lair.
  7064 | D:8      | Noticed Psyche
  7076 | D:8      | Killed Psyche
  7569 | D:9      | Found a staircase to the Orcish Mines.
  7699 | D:9      | Found a snail-covered altar of Cheibriados.
  7846 | D:9      | Reached ***** piety under Trog
  7855 | D:9      | Reached skill level 12 in Maces & Flails
  8172 | D:8      | Slain by a large slime creature

Skill      XL: |  1  2  3  4  5  6  7  8  9 10 |
---------------+-------------------------------+-----
Dodging        | 2 3 4 |  4.0
Maces & Flails | 5 6 7 9 11 12 | 12.1
Fighting       | 4 5 6 |  6.8
Armour         | 3 4 5 6 |  6.2
Evocations     | 2 3 |  3.8
Stealth        | |  0.3

Action                   |  1- 3 |  4- 6 |  7- 9 | 10-12 || total
-------------------------+-------+-------+-------+-------++-------
Melee: Mace              |   142 |   180 |   493 |    67 ||   882
       Flail             |       |       |       |   103 ||   103
Invok: Berserk           |       |     1 |     7 |       ||     8
       Trog's Hand       |       |       |     3 |       ||     3
 Abil: Evoke Flight      |       |       |       |     1 ||     1
Evoke: Wand              |       |       |       |    11 ||    11
  Use: Potion            |       |       |     4 |       ||     4
       Scroll            |       |       |       |    10 ||    10
  Eat: Chunk             |     2 |     5 |    14 |     6 ||    27
       Ration            |       |       |     2 |       ||     2
Armor: Animal skin       |    24 |       |       |       ||    24
       Chain mail        |    72 |   146 |    88 |       ||   306
       Ring mail         |       |       |   189 |    76 ||   265
Dodge: Dodged            |    88 |    89 |   308 |   106 ||   591
